 Dungeon Crawl Stone Soup version 0.22-a0-283-g1871b15 (webtiles) character file.

414 tidbits the Insei (level 6, 19/46 (47) HPs)
             Began as a Gnoll Transmuter on Mar 18, 2018.
             Quit the game on level 5 of the Dungeon.
             The game lasted 00:07:05 (947 turns).

tidbits the Insei (Gnoll Transmuter)                 Turns: 947, Time: 00:07:05

HP:   19/46 (47)    AC:  4    Str: 12    XL:     6   Next: 91%
MP:   14/14         EV: 15    Int: 17    God:
Gold: 244           SH:  0    Dex: 16    Spells: 9/15 levels left

rFire    + . .     SeeInvis .     - Unarmed
rCold    . . .     Gourm    .   (no shield)
rNeg     + . .     Faith    .   B - +1 robe {rF+}
rPois    .         Spirit   .   E - +0 helmet
rElec    .         Reflect  .   (no cloak)
rCorr    .         Harm     +   (no gloves)
MR       .....                  (no boots)
Stlth    ++........             g - amulet of harm
HPRegen  0.15/turn              o - ring of positive energy
MPRegen  0.14/turn              (no ring)

@: no status effects
A: distributed training, fangs 1, strong nose
a: no special abilities


You were on level 5 of the Dungeon.
You were not hungry.

You visited 2 branches of the dungeon, and saw 6 of its levels.

You collected 244 gold pieces.

Inventory:

Hand Weapons
 a - a +0 dagger
Missiles
 c - 59 arrows
 e - 33 stones (quivered)
 k - 43 bolts
Armour
 n - a +0 robe
 p - a +0 ring mail of poison resistance
   (You found it on level 4 of the Dungeon)
 B - a +1 robe of fire resistance (worn)
   (You took it off an orc wizard on level 3 of the Dungeon)
 E - a +0 helmet (worn)
Jewellery
 g - an amulet of harm (around neck)
   (You found it on level 1 of the Dungeon)
 o - a ring of positive energy (left hand)
   (You found it on level 4 of the Dungeon)
Scrolls
 h - a scroll of remove curse {unknown}
 i - a scroll of identify {unknown}
 m - a scroll of enchant armour {unknown}
Potions
 b - a potion of degeneration {unknown}
 f - 3 potions of curing {unknown}
 j - a potion of berserk rage {unknown}
 l - a potion of agility {unknown}
Comestibles
 d - 4 rations


   Skills:
 + Level 3.3 Fighting
 + Level 2.1 Short Blades
 + Level 2.1 Long Blades
 + Level 2.1 Axes
 + Level 2.1 Maces & Flails
 + Level 2.1 Polearms
 + Level 2.1 Staves
 + Level 2.1 Slings
 + Level 2.1 Bows
 + Level 2.1 Crossbows
 + Level 2.1 Throwing
 + Level 2.1 Armour
 + Level 5.0 Dodging
 + Level 2.1 Stealth
 + Level 2.1 Shields
 + Level 6.9 Unarmed Combat
 + Level 5.4 Spellcasting
 + Level 1.6 Conjurations
 + Level 1.6 Hexes
 + Level 1.6 Charms
 + Level 1.6 Summonings
 + Level 1.6 Necromancy
 + Level 1.6 Translocations
 + Level 4.1 Transmutations
 + Level 1.6 Fire Magic
 + Level 1.6 Ice Magic
 + Level 1.6 Air Magic
 + Level 1.6 Earth Magic
 + Level 1.6 Poison Magic
 + Level 2.3 Invocations
 + Level 2.1 Evocations


You had 9 spell levels left.
You knew the following spells:

 Your Spells              Type           Power        Failure   Level  Hunger
e - Beastly Appendage     Tmut           ###...       2%          1    None
k - Sticks to Snakes      Tmut           ###.....     3%          2    #......
p - Spider Form           Tmut/Pois      ##........   12%         3    ##.....


Dungeon Overview and Level Annotations

Branches:
Dungeon (5/15)             Temple (1/1) D:4

Altars:
Ashenzari
Dithmenos
Elyvilon
Fedhas
Gozag
Makhleb
Nemelex Xobeh
Okawaru
Qazlal
Ru
Sif Muna
Trog
Uskayaw
Wu Jian
Yredelemnul
The Shining One


Innate Abilities, Weirdness & Mutations

Your experience applies equally to all skills.
You have very sharp teeth.
Your uncanny sense of smell can sniff out nearby items.


Message History

You feel resistant to fire.
Found a white marble altar of Elyvilon.
You enter the shallow water.
Moving in this stuff is going to be slow.
Found 17 gold pieces.
Found a leather armour.
Found 16 gold pieces.
You enter the shallow water.
Moving in this stuff is going to be slow.
You see here 17 gold pieces.
You now have 228 gold pieces (gained 17).
You see here 16 gold pieces.
You now have 244 gold pieces (gained 16).
Found a metallic brown potion.
You see here a metallic brown potion.
f - 3 metallic brown potions (gained 1) Unknown command.
Found a ration.
You see here a ration.
d - 3 rations (gained 1)
An adder skeleton comes into view.
Found 18 arrows.
You see here 18 arrows.
c - 59 arrows (gained 18)
Found a ration.
You see here a ration.
d - 4 rations (gained 1)
You open the door.
Found 16 bolts.
There is an open door here.
A phantom comes into view.
The phantom blinks!
The phantom hits you but does no damage.
Casting: Spider Form (safe; 13% risk of failure)
Confirm with . or Enter, or press ? or * to list all spells.
You turn into a venomous arachnid creature.
Your +0 helmet melds into your body.
Your +1 robe of fire resistance melds into your body.
You feel less resistant to fire. The phantom completely misses you.
Unknown command.
You hit the phantom.
The phantom is lightly damaged.
The phantom completely misses you.
You barely miss the phantom.
The phantom is lightly damaged.
The phantom misses you.
You hit the phantom.
The phantom is lightly damaged.
The phantom hits you.
You hit the phantom.
The phantom is lightly damaged.
The phantom hits you!
* * * LOW HITPOINT WARNING * * *
The phantom blinks!
You completely miss the phantom.
The phantom is lightly damaged.
The phantom blinks!
Found an ornate altar of the Wu Jian Council.
You hit the phantom.
The phantom is moderately damaged.
The phantom closely misses you.
You bite the phantom!
The phantom is severely damaged.
The phantom blinks!
You hit the phantom.
The phantom is severely damaged.
Your transformation is almost over.
The phantom misses you.
You bite the phantom!
The phantom is almost destroyed.
You hit the phantom.
The phantom is almost destroyed.
The phantom hits you!
* * * LOW HITPOINT WARNING * * *
The phantom blinks!
You are too injured to fight recklessly!
You are too injured to fight recklessly!
You are too injured to fight recklessly!
You are too injured to fight recklessly!
You are too injured to fight recklessly!
You are too injured to fight recklessly!
You are too injured to fight recklessly!
You bite the phantom!
You destroy the phantom!
Your transformation has ended.
Your +0 helmet unmelds from your body.
Your +1 robe of fire resistance unmelds from your body.
You feel resistant to fire.
You open the door.
You see here 16 bolts.
k - 43 bolts (gained 16)
You open the door.
Found a stone staircase leading down.
There is an open door here.
There is a stone staircase leading down here.
You climb downwards.
An adder comes into view.
Found a scroll labeled KOIJYI OQEYVIA.
There is a stone staircase leading up here.
Are you sure you want to abandon this character and quit the game? (Confirm with "yes".)

##.
##
.#...
.?#.
...
.. ∆
.#
##.#
#@#
#..#
#..#
#..#
S..#
.#.##
... #
#.


You could see an adder (sleeping).

Vanquished Creatures
  A necrophage (D:4)
  An ogre (D:4)
  A phantom (D:4)
  3 orc priests
  An orc wizard (D:3)
  An adder (D:2)
  An ooze (D:4)
  A leopard gecko (D:1)
  3 orcs
  A giant cockroach (D:3)
  3 jackals (D:2)
  4 frilled lizards
  3 rats
24 creatures vanquished.

Vanquished Creatures (collateral kills)
  An adder (D:3)
  2 orcs (D:3)
3 creatures vanquished.

Grand Total: 27 creatures vanquished

Notes
Turn   | Place    | Note
-------+----------+-------------------------------------------
     0 | D:1      | tidbits the Gnoll Transmuter began the quest for the Orb.
     0 | D:1      | Reached XP level 1. HP: 17/17 MP: 6/6
    79 | D:2      | Reached XP level 2. HP: 23/23 MP: 4/7
    83 | D:2      | Learned a level 2 spell: Sticks to Snakes
   123 | D:2      | Found a stormy altar of Qazlal.
   131 | D:2      | Found a shattered altar of Ashenzari.
   230 | D:3      | HP: 2/23 [adder (4)]
   230 | D:3      | Reached skill level 5 in Spellcasting
   230 | D:3      | Reached XP level 3. HP: 3/28 MP: 4/9
   235 | D:3      | Learned a level 3 spell: Spider Form
   306 | D:3      | Found an opulent altar of Gozag.
   486 | D:3      | Reached skill level 1 in Short Blades
   486 | D:3      | Reached skill level 1 in Long Blades
   486 | D:3      | Reached skill level 1 in Axes
   486 | D:3      | Reached skill level 1 in Maces & Flails
   486 | D:3      | Reached skill level 1 in Polearms
   486 | D:3      | Reached skill level 1 in Staves
   486 | D:3      | Reached skill level 1 in Slings
   486 | D:3      | Reached skill level 1 in Bows
   486 | D:3      | Reached skill level 1 in Crossbows
   486 | D:3      | Reached skill level 1 in Throwing
   486 | D:3      | Reached skill level 1 in Armour
   486 | D:3      | Reached skill level 1 in Stealth
   486 | D:3      | Reached skill level 1 in Shields
   486 | D:3      | Reached skill level 1 in Invocations
   486 | D:3      | Reached skill level 1 in Evocations
   486 | D:3      | Reached XP level 4. HP: 31/34 MP: 9/11
   503 | D:3      | Reached skill level 1 in Conjurations
   503 | D:3      | Reached skill level 1 in Hexes
   503 | D:3      | Reached skill level 1 in Charms
   503 | D:3      | Reached skill level 1 in Summonings
   503 | D:3      | Reached skill level 1 in Necromancy
   503 | D:3      | Reached skill level 1 in Translocations
   503 | D:3      | Reached skill level 1 in Fire Magic
   503 | D:3      | Reached skill level 1 in Ice Magic
   503 | D:3      | Reached skill level 1 in Air Magic
   503 | D:3      | Reached skill level 1 in Earth Magic
   503 | D:3      | Reached skill level 1 in Poison Magic
   530 | D:4      | Noticed a necrophage
   536 | D:4      | Killed a necrophage
   536 | D:4      | Reached skill level 3 in Fighting
   536 | D:4      | Reached skill level 4 in Transmutations
   536 | D:4      | Reached XP level 5. HP: 18/40 MP: 8/12
   560 | D:4      | Found a staircase to the Ecumenical Temple.
   612 | Temple   | Entered the Ecumenical Temple
   754 | D:4      | Reached skill level 2 in Invocations
   754 | D:4      | Reached XP level 6. HP: 39/46 MP: 11/13
   775 | D:4      | Reached skill level 2 in Short Blades
   775 | D:4      | Reached skill level 2 in Long Blades
   775 | D:4      | Reached skill level 2 in Axes
   775 | D:4      | Reached skill level 2 in Maces & Flails
   775 | D:4      | Reached skill level 2 in Polearms
   775 | D:4      | Reached skill level 2 in Staves
   775 | D:4      | Reached skill level 2 in Slings
   775 | D:4      | Reached skill level 2 in Bows
   775 | D:4      | Reached skill level 2 in Crossbows
   775 | D:4      | Reached skill level 2 in Throwing
   775 | D:4      | Reached skill level 2 in Armour
   775 | D:4      | Reached skill level 5 in Dodging
   775 | D:4      | Reached skill level 2 in Stealth
   775 | D:4      | Reached skill level 2 in Shields
   775 | D:4      | Reached skill level 2 in Evocations
   792 | D:4      | Found a white marble altar of Elyvilon.
   900 | D:4      | Noticed a phantom
   910 | D:4      | Found an ornate altar of the Wu Jian Council.
   920 | D:4      | Killed a phantom
   946 | D:5      | Entered Level 5 of the Dungeon
   947 | D:5      | Quit the game

Vault maps used:
D:1:      onia_arrival_pentagram
D:2:      grunt_qazlal_sundering, ashenzari_conservatory_becter,
          chequers_ecumenical_altar_lobes
D:3:      lemuel_coloured_pillars_altar
D:4:      marbit_many_paths, temple_pool_b, serial_bayou_pond_e,
          elyvilon_altar_4
D:5:      kennysheep_slug_shrine, first_ration
Temple:   jpeg_temple_clearing

Skill      XL: |  1  2  3  4  5  6 |
---------------+-------------------+-----
Spellcasting   | 5 |  5.4
Short Blades   | 1 2 |  2.1
Long Blades    | 1 2 |  2.1
Axes           | 1 2 |  2.1
Maces & Flails | 1 2 |  2.1
Polearms       | 1 2 |  2.1
Staves         | 1 2 |  2.1
Slings         | 1 2 |  2.1
Bows           | 1 2 |  2.1
Crossbows      | 1 2 |  2.1
Throwing       | 1 2 |  2.1
Armour         | 1 2 |  2.1
Stealth        | 1 2 |  2.1
Shields        | 1 2 |  2.1
Invocations    | 1 2 |  2.3
Evocations     | 1 2 |  2.1
Conjurations   | 1 |  1.6
Hexes          | 1 |  1.6
Charms         | 1 |  1.6
Summonings     | 1 |  1.6
Necromancy     | 1 |  1.6
Translocations | 1 |  1.6
Fire Magic     | 1 |  1.6
Ice Magic      | 1 |  1.6
Air Magic      | 1 |  1.6
Earth Magic    | 1 |  1.6
Poison Magic   | 1 |  1.6
Fighting       | 3 |  3.3
Transmutations | 4 |  4.1
Dodging        | 5 |  5.0
Unarmed Combat | |  6.9

Action                   |  1- 3 |  4- 6 || total
-------------------------+-------+-------++-------
Melee: Unarmed           |    27 |    37 ||    64
       Bite              |     1 |     2 ||     3
       Kick              |       |     4 ||     4
Throw: Stone             |       |     2 ||     2
 Cast: Beastly Appendage |    10 |     1 ||    11
       Sticks to Snakes  |     2 |     2 ||     4
       Spider Form       |       |     3 ||     3
Armor: Robe              |     2 |     2 ||     4
       Skin              |       |     1 ||     1
Dodge: Dodged            |    14 |    18 ||    32

Table legend:
 A = Spawn XP
 B = Non-spawn XP
 C = Spawn XP percentage of total XP
 D = Spawn monster count
 E = Non-spawn monster count
 F = Spawn count percentage of total count
 G = Total turns spent on level
                    A         B        C        D         E        F      G
               +---------+---------+-------+---------+---------+-------+---------
         Total |       0 |     592 |   0.0 |       0 |      27 |   0.0 |   947
               +---------+---------+-------+---------+---------+-------+---------
           D:1 |       0 |       4 |   0.0 |       0 |       2 |   0.0 |    73
           D:2 |       0 |      24 |   0.0 |       0 |       8 |   0.0 |   180
           D:3 |       0 |     106 |   0.0 |       0 |       9 |   0.0 |   275
           D:4 |       0 |     458 |   0.0 |       0 |       8 |   0.0 |   336
               +---------+---------+-------+---------+---------+-------+---------

Table legend:
 A = Turns spent in this place as a percentage of turns spent in the entire game.
 B = Non-inter-level travel turns spent in this place as a percentage of non-inter-level travel turns spent in the entire game.
 C = Inter-level travel turns spent in this place as a percentage of turns spent in this place.
 D = Turns resting spent in this place as a percentage of non-inter-level travel turns spent in this place.
 E = Turns spent auto-exploring this place as a percentage of non-inter-level travel turns spent in this place.
 F = Non-inter-level travel turns spent in this place divided by the number of levels of this place that you've seen.
                   A       B       C       D       E      F
               +-------+-------+-------+-------+-------+----------------------
         Total | 100.0 | 100.0 |   0.0 |   0.0 |   0.0 | 157.8
       Dungeon |  91.3 |  91.3 |   0.0 |   0.0 |   0.0 | 173.0
        Temple |   8.7 |   8.7 |   0.0 |   0.0 |   0.0 |  82.0
               +-------+-------+-------+-------+-------+----------------------

Table legend:
 A = Kills in this place as a percentage of kills in entire the game.
 B = Kills by you in this place as a percentage of kills by you in the entire game.
 C = Kills by friends in this place as a percentage of kills by friends in the entire game.
 D = Other kills in this place as a percentage of other kills in the entire game.
 E = Experience gained in this place as a percentage of experience gained in the entire game.
 F = Experience gained in this place divided by the number of levels of this place that you have seen.
                   A       B       C       D       E      F
               +-------+-------+-------+-------+-------+----------------------
         Total | 100.0 | 100.0 | 100.0 |   N/A | 100.0 |  98.7
       Dungeon | 100.0 | 100.0 | 100.0 |   N/A | 100.0 | 118.4
               +-------+-------+-------+-------+-------+----------------------

Vault maps used:
D:1:      onia_arrival_pentagram
D:2:      grunt_qazlal_sundering, ashenzari_conservatory_becter,
          chequers_ecumenical_altar_lobes
D:3:      lemuel_coloured_pillars_altar
D:4:      marbit_many_paths, temple_pool_b, serial_bayou_pond_e,
          elyvilon_altar_4
D:5:      kennysheep_slug_shrine, first_ration
Temple:   jpeg_temple_clearing
